 Dungeon Crawl Stone Soup version 0.30-a0-54-g2e61a25929 (webtiles) character file.

Game seed: 17923744068787566386

65 Newt the Trooper (level 3, -5/43 HPs)
             Began as a Demonspawn Gladiator on Sept 7, 2022.
             Was an Initiate of Gozag.
             Slain by Crazy Yiuf
             ... wielding a +2 quarterstaff of chaos
              (14 damage)
             ... on level 3 of the Dungeon.
             The game lasted 00:02:12 (3032 turns).

Newt the Trooper (Demonspawn Gladiator)             Turns: 3032, Time: 00:02:12

Health: -5/43      AC: 21    Str: 16    XL:     3   Next: 92%
Magic:  3/3        EV:  2    Int:  9    God:    Gozag
Gold:   96         SH:  0    Dex: 14    Spells: 2/2 levels left

rFire   . . .      SeeInvis .    a - +0 rapier
rCold   . . .      Faith    .    (no shield)
rNeg    . . .      Spirit   .    (body armour currently unavailable)
rPois   +          Reflect  .    (helmet currently unavailable)
rElec   .          Harm     .    (cloak currently unavailable)
rCorr   .          Rampage  .    (gloves currently unavailable)
Will    .....      NoTele   +    (boots currently unavailable)
Stlth   ++........               (no amulet)
HPRegen 0.14/turn                (no ring)
MPRegen 0.08/turn                (no ring)

@: mighty, tree-form
A: stationary, stasis, torment immunity, boosted hp, (claws 1), (large bone
plates 1)
a: Renounce Religion, Potion Petition, Call Merchant, Bribe Branch


You were on level 3 of the Dungeon.
You worshipped Gozag.
Gozag was noncommittal.
You were a tree.
You visited 1 branch of the dungeon, and saw 3 of its levels.

You collected 130 gold pieces.
You paid 34 gold pieces to Gozag.

Inventory:

Hand Weapons
 a - a +0 rapier (weapon)
Missiles
 d - 3 throwing nets (quivered)
 e - a javelin
Armour
 b - a +0 leather armour (melded)
 c - a +0 helmet (melded)
 h - a +0 cloak (melded)
Jewellery
 t - a +4 ring of protection
Wands
 i - a wand of mindburst (25)
Scrolls
 j - a scroll of enchant armour {unknown}
 k - 2 scrolls of immolation {unknown}
 m - a scroll of silence {unknown}
 o - a scroll of teleportation
 r - a scroll of summoning {unknown}
Potions
 l - a potion of degeneration {unknown}
 n - a potion of haste {unknown}
 p - a potion of attraction {unknown}
 q - a potion of ambrosia {unknown}
 s - a potion of invisibility {unknown}


   Skills:
 + Level 3.6 Fighting
 - Level 2.6 Short Blades
 - Level 1.7 Throwing
 - Level 2.6 Dodging
 - Level 2.0 Stealth


You had 2 spell levels left.
You didn't know any spells.
Your spell library contained the following spells:

 Spells                   Type           Power      Damage    Failure   Level
 Apportation              Tloc           0%         N/A       38%         1
 Alistair's Intoxication  Tmut/Pois      0%         N/A       100%        5


Dungeon Overview and Level Annotations

Branches:
Dungeon (3/15)

Altars:
Gozag

Shops:
D:3 [

Annotations:
D:3 Crazy Yiuf


Innate Abilities, Weirdness & Mutations

You are a tree.
Your roots penetrate the ground, keeping you stationary.
You cannot be teleported.
You are immune to unholy pain and torment.
Your maximum health is greatly increased.
Your equipment is partially melded.
((You have sharp fingernails.))
((You are partially covered in large bone plates. (SH +4)))


Message History

Crazy Yiuf glowers.
Crazy Yiuf says, "Aardvark!"
Could not explore, unopened runed door.
Could not explore, unopened runed door.
Could not explore, unopened runed door.
No reachable target in view!
Unknown command.
You open the door.
Aiming: Mindburst
Press: ? - help, Q - select action, (/) - cycle Shift-Dir - straight line, f - Crazy Yiuf
Aim: Crazy Yiuf, wielding a +2 quarterstaff of chaos and wearing a +0 cloak (chance to affect: 72%) Crazy Yiuf struggles to resist.
Crazy Yiuf closely misses you.
Aiming: Mindburst
Press: ? - help, Q - select action, (/) - cycle Shift-Dir - straight line, f/p - Crazy Yiuf
Aim: Crazy Yiuf, wielding a +2 quarterstaff of chaos and wearing a +0 cloak (chance to affect: 72%) Crazy Yiuf struggles to resist.
Crazy Yiuf drinks a potion.
Crazy Yiuf seems to grow stronger.
Aiming: Mindburst
Press: ? - help, Q - select action, (/) - cycle Shift-Dir - straight line, f/p - Crazy Yiuf
Aim: Crazy Yiuf, wielding a +2 quarterstaff of chaos and wearing a +0 cloak (strong, chance to affect: 72%) Crazy Yiuf struggles to resist.
Crazy Yiuf yells, "Tosser!"
Crazy Yiuf hits you with a +2 quarterstaff of chaos!
Ouch! That really hurt!
You are electrocuted!
* * * LOW HITPOINT WARNING * * *
Unknown command.
Really quaff the potion of lignification?
You turn into a tree.
Your +0 cloak melds into your body.
Your +0 helmet melds into your body.
Your +0 leather armour melds into your body.
Your roots penetrate the ground.
Crazy Yiuf hits you but does no damage.
You feel very mighty all of a sudden.
Unknown command.
You feel better.
Crazy Yiuf grits, "Shadow!"
Crazy Yiuf hits you with a +2 quarterstaff of chaos!
You die...
Your body crumbles into a pile of gold.

#.#.# #.#.#
#....# #.#.#
#.#.# #....#
#.#.####.###
♣....♣
#........#
♣...♣♣
#.......## ♣♣.♣♣
.....##.# ♣.♣♣
#..#.##.####
♣♣.♣
#..#.##.##.#
♣.♣♣
......#....#
♣♣♣♣
#..#..#..#.# #g#
.....[#..### ...
#..##.#..###
#...#
...........#
#..)#
#..#..##.###
#####
#..#..##.###
...#..##...#####
##.#..#####.##.#


You could see Crazy Yiuf (strong).

Vanquished Creatures
  An adder (D:2)
  2 worms (D:3)
  A dart slug (D:1)
  6 endoplasms
  2 giant cockroaches (D:1)
  8 goblins
  2 hobgoblins
  4 jackals (D:1)
  A quokka (D:3)
  3 ball pythons (D:1)
  5 bats
  A frilled lizard (D:1)
  6 kobolds
  2 rats
44 creatures vanquished.

Notes
Turn   | Place    | Note
-------+----------+-------------------------------------------
     0 | D:1      | Newt the Demonspawn Gladiator began the quest for the Orb.
     0 | D:1      | Reached XP level 1. HP: 16/16 MP: 1/1
   155 | D:1      | Reached skill level 1 in Stealth
   399 | D:1      | Gained mutation: You are partially covered in large bone
                  | plates. (SH +4) [demonic ancestry]
   399 | D:1      | Reached XP level 2. HP: 20/22 MP: 2/2
  1149 | D:2      | Gained mutation: You have sharp fingernails. [demonic
                  | ancestry]
  1149 | D:2      | Reached XP level 3. HP: 25/28 MP: 3/3
  1567 | D:2      | Reached skill level 3 in Fighting
  2640 | D:3      | Found Genkue's Antique Armour Emporium.
  2801 | D:3      | Found a faded altar of an unknown god.
  2914 | D:3      | Found an opulent altar of Gozag.
  2940 | D:3      | Became a worshipper of Gozag Ym Sagoz the Greedy
  2967 | D:3      | Found a runed translucent door.
  2968 | D:3      | Noticed Crazy Yiuf
  3030 | D:3      | HP: 1/29 [Crazy Yiuf/+2 quarterstaff of chaos (13)]
  3032 | D:3      | Slain by Crazy Yiuf

Illustrated notes

Levels and vault maps discovered:
D:1:      heliophobic_arrival_ceremonial_halls, layout_rooms
D:2:      layout_basic
D:3:      layout_loops_ring, grunt_gozag_breadcrumbs,
          chequers_ecumenical_altar_lobes, serial_shops,
          nicolae_shop_behind_doors, serial_bayou_pond_e,
          uniq_crazy_yiuf_cottage

Skill      XL: |  1  2  3 |
---------------+----------+-----
Stealth        | 1 2 |  2.0
Fighting       | 3 |  3.6
Short Blades   | |  2.6
Throwing       | |  1.7
Dodging        | |  2.6

Action                   || total
-------------------------++-------
Melee: Rapier            ||   137
Evoke: Wand              ||     3
  Use: Scroll            ||     4
       Potion            ||     2
 Stab: Sleeping          ||     6
Armor: Leather armour    ||    32
       Skin              ||     1
Dodge: Dodged            ||    64
Block: Other             ||    17

Table legend: (Time is in decaauts)
 A = Elapsed time spent in this place.
 B = Non-inter-level travel time spent in this place.
 C = Inter-level travel time spent in this place.
 D = Time resting spent in this place.
 E = Time spent auto-exploring this place.
 F = Levels seen in this place.
 G = Mean time per level.
                   A        B        C        D        E       F      G
               +--------+--------+--------+--------+--------+-----+--------+
         Total |   3041 |   2962 |     79 |      0 |   2605 |   3 | 1013.7 |
       Dungeon |   3041 |   2962 |     79 |      0 |   2605 |   3 | 1013.7 |
               +--------+--------+--------+--------+--------+-----+--------+

Top non-repeatable levels by time:
     D:1: 1134 daAuts
     D:2: 960 daAuts
     D:3: 946 daAuts
